 Dungeon Crawl Stone Soup version 0.20-a0-550-gf70bbbc (webtiles) character file.

4076 Krakonus1 the Basher (level 10, -13/88 HPs)
             Began as an Ogre Gladiator on Feb 2, 2017.
             Was a Believer of Trog.
             Mangled by w00t's ghost (28 damage)
             ... on level 8 of the Dungeon.
             The game lasted 00:47:25 (9817 turns).

Krakonus1 the Basher (Ogre Gladiator)               Turns: 9817, Time: 00:47:25

Health: -13/88     AC:  8    Str: 23    XL:     10   Next: 25%
Magic:  10/10      EV: 10    Int:  9    God:    Trog [**....]
Gold:   390        SH:  0    Dex: 10    Spells: 9/9 levels left

rFire    . . .     SeeInvis .   A - +0 giant club
rCold    . . .     Gourm    .   b - +1 robe
rNeg     . . .     Faith    .   (shield currently unavailable)
rPois    .         Spirit   .   c - +2 hat
rElec    .         Reflect  .   t - +1 cloak {MR+}
rCorr    .         Harm     .   (gloves unavailable)
MR       ++...                  (boots unavailable)
Stlth    +.........             (no amulet)
Regen    0.3/turn               (no ring)
                                (no ring)

@: about to teleport, drained
A: unfitting armour, tough skin 1
a: Berserk, Trog's Hand, Burn Spellbooks, Renounce Religion


You were on level 8 of the Dungeon.
You worshipped Trog.
Trog was pleased with you.
You were hungry.

You visited 2 branches of the dungeon, and saw 9 of its levels.

You collected 414 gold pieces.
You spent 24 gold pieces at shops.

Inventory:

Hand Weapons
 A - a +0 giant club (weapon)
 B - a +0 shortbow
 D - a +2 mace of protection
 F - a +3 flail
 P - a +0 hunting sling
Missiles
 d - 4 throwing nets
 h - 8 needles of confusion
 j - 31 poisoned needles
 n - 140 stones
 r - 139 arrows
 s - 4 javelins (quivered)
 w - 4 curare-tipped needles
 y - 8 tomahawks
 z - 38 sling bullets
Armour
 b - a +1 robe (worn)
 c - a +2 hat (worn)
 t - a +1 cloak of magic resistance (worn)
Wands
 g - a wand of flame (0/48)
 x - a wand of polymorph (12/24)
 O - a wand of polymorph (4/24)
Scrolls
 e - 2 scrolls of amnesia
 o - 2 scrolls of teleportation
 u - a scroll of immolation
 v - a scroll of fog
 E - 2 scrolls of remove curse
 H - a scroll of recharging
Potions
 a - a potion of agility
 l - 3 potions of degeneration
 m - 4 potions of brilliance
 p - 2 potions of cancellation
 C - a potion of berserk rage
 G - a potion of haste
 J - a potion of flight
 M - a potion of magic
Comestibles
 f - 6 bread rations
 i - 10 royal jellies
 k - 3 fruits
 q - a meat ration
 I - 3 chunks of flesh


   Skills:
 - Level 2.6(1.7) Fighting
 * Level 13.1(11.9) Maces & Flails
 - Level 2.0(1.0) Throwing
 - Level 2.6(1.7) Dodging


You had 9 spell levels left.
You didn't know any spells.

Dungeon Overview and Level Annotations

Branches:
Dungeon (8/15)             Temple (1/1) D:4
   Lair: D:8-11

Altars:
Ashenzari
Cheibriados
Dithmenos
Elyvilon
Fedhas
Gozag
Hepliaklqana
Kikubaaqudgha
Nemelex Xobeh
Okawaru
Qazlal
Ru
Sif Muna
Trog
Uskayaw
Vehumet
Xom
The Shining One
Lugonu

Shops:
D:6 [   D:8 (

Annotations:
D:8 w00t's ghost, novice TrMo


Innate Abilities, Weirdness & Mutations

You are too large for most types of armour.
You have tough skin. (AC +1)


Message History

You miss w00t's ghost. W00t's ghost closely misses you.
You sock w00t's ghost!
W00t's ghost is lightly damaged.
The centaur shoots an arrow.
The arrow closely misses you. W00t's ghost hits you!
You closely miss w00t's ghost.
W00t's ghost is lightly damaged.
The centaur shoots an arrow.
The arrow hits you! W00t's ghost hits you!!
You bludgeon w00t's ghost!!
W00t's ghost is moderately damaged.
The centaur shoots an arrow.
The arrow hits you.
* * * LOW HITPOINT WARNING * * *
W00t's ghost hits you.
* * * LOW HITPOINT WARNING * * *
The centaur shoots an arrow.
The arrow hits you.
* * * LOW HITPOINT WARNING * * *
As you read the scroll of teleportation, it crumbles to dust.
You feel strangely unstable.
The centaur shoots an arrow.
The arrow hits you but does no damage. W00t's ghost hits you!!
You die...

#.....#.# ##..........
#######.# #..........
#.......####..........
##......##.............
.........##.###.........
##..........##..........
#.......#(.##..........
#.#######..##..........
... #.@W(..##..........
## #.####.....! ...
...... #..c ......# #...
...%..# #... c.....#
#... ......# #...


You could see a centaur and w00t's ghost.

Vanquished Creatures
  The ghost of jejorda2 the Magician, a novice SpFE of Gozag (D:7)
  A hippogriff (D:7)
  Sigmund (D:4)
  2 sky beasts (D:8)
  3 phantoms
  4 ogres
  4 centaurs
  A necrophage (D:8)
  3 bullfrogs (D:7)
  2 water moccasin skeletons
  4 scorpions
  3 killer bees (D:7)
  4 wights (D:8)
  A bullfrog zombie (D:8)
  3 centaur skeletons (D:6)
  5 crimson imps
  4 jellies
  A centaur zombie (D:6)
  A bullfrog skeleton (D:6)
  2 orc priests (D:5)
  2 hounds
  Crazy Yiuf (D:3)
  Jessica (D:3)
  Ijyb (D:3)
  Natasha (D:3)
  An iguana (D:7)
  8 orc wizards
  Terence (D:3)
  3 worker ants
  A killer bee zombie (D:6)
  4 hound skeletons
  A worker ant zombie (D:5)
  3 howler monkey skeletons
  9 adders
  A shadow imp (D:4)
  9 oozes
  An adder skeleton (D:6)
  2 worms
  6 leopard geckos
  23 orcs
  4 giant cockroaches
  9 goblins
  7 hobgoblins
  14 jackals
  8 kobolds
  2 quokkas
  A ball python (D:1)
  5 bats
  5 frilled lizards
  A jackal zombie (D:6)
  2 leopard gecko skeletons
  2 leopard gecko zombies
  A quokka zombie (D:6)
  5 rats
  3 demonic plants (Temple)
  A withered plant (D:6)
199 creatures vanquished.

Vanquished Creatures (others)
  2 plants (D:4)
2 creatures vanquished.

Grand Total: 201 creatures vanquished

Notes
Turn   | Place    | Note
-------+----------+-------------------------------------------
     0 | D:1      | Krakonus1 the Ogre Gladiator began the quest for the Orb.
     0 | D:1      | Reached XP level 1. HP: 22/22 MP: 1/1
    35 | D:1      | Reached skill level 3 in Maces & Flails
   171 | D:1      | Reached XP level 2. HP: 29/29 MP: 2/2
   653 | D:1      | Reached XP level 3. HP: 33/36 MP: 3/3
  1297 | D:2      | Reached skill level 4 in Maces & Flails
  1391 | D:2      | Found a shattered altar of Ashenzari.
  1707 | D:2      | Found a radiant altar of Vehumet.
  1778 | D:2      | Found an ancient bone altar of Kikubaaqudgha.
  2178 | D:3      | Noticed Terence
  2182 | D:3      | Reached XP level 4. HP: 44/44 MP: 4/4
  2190 | D:3      | Killed Terence
  2290 | D:3      | HP: 1/66 [acid (4)]
  2291 | D:3      | Reached skill level 5 in Maces & Flails
  2291 | D:3      | Reached XP level 5. HP: 2/50 MP: 5/5
  2905 | D:3      | Noticed Natasha
  2909 | D:3      | Killed Natasha
  2926 | D:3      | Noticed Ijyb
  2945 | D:3      | Killed Ijyb
  2990 | D:3      | Noticed Jessica
  3002 | D:3      | Killed Jessica
  3002 | D:3      | Reached skill level 6 in Maces & Flails
  3002 | D:3      | Reached XP level 6. HP: 31/59 MP: 6/6
  3191 | D:3      | Found a runed door.
  3382 | D:3      | Noticed Crazy Yiuf
  3388 | D:3      | Killed Crazy Yiuf
  3490 | D:4      | Noticed Sigmund
  3642 | D:4      | Reached skill level 7 in Maces & Flails
  3642 | D:4      | Reached XP level 7. HP: 30/66 MP: 7/7
  3941 | D:4      | Killed Sigmund
  4217 | D:4      | Found a hazy altar of Hepliaklqana.
  4249 | D:4      | Reached skill level 8 in Maces & Flails
  4375 | D:4      | Found a shadowy altar of Dithmenos.
  4375 | D:4      | Found a shimmering altar of Xom.
  4383 | D:4      | Found a faded altar of an unknown god.
  4385 | D:4      | Found a deep blue altar of Sif Muna.
  4386 | D:4      | Found a faded altar of an unknown god.
  4435 | D:4      | Found a staircase to the Ecumenical Temple.
  4442 | Temple   | Entered the Ecumenical Temple
  4527 | Temple   | Became a worshipper of Trog the Wrathful
  4779 | D:4      | Reached XP level 8. HP: 58/74 MP: 8/8
  4862 | D:5      | Entered Level 5 of the Dungeon
  5680 | D:5      | Reached skill level 9 in Maces & Flails
  6151 | D:5      | Reached * piety under Trog
  6151 | D:5      | Reached skill level 10 in Maces & Flails
  6730 | D:6      | Reached XP level 9. HP: 61/80 MP: 9/9
  7186 | D:6      | Reached skill level 11 in Maces & Flails
  7188 | D:6      | Found Tyfrirho's Armour Shoppe.
  7495 | D:7      | Noticed jejorda2's ghost (novice SpFE)
  7517 | D:7      | Killed jejorda2's ghost
  7743 | D:7      | Found a radiant altar of Vehumet.
  7958 | D:7      | Reached ** piety under Trog
  8018 | D:7      | Reached skill level 12 in Maces & Flails
  8898 | D:8      | Found Qiaxusaf's Weapon Boutique.
  8914 | D:8      | Reached XP level 10. HP: 73/88 MP: 10/10
  8925 | D:8      | Bought a +0 hunting sling for 24 gold pieces
  9246 | D:8      | Reached skill level 13 in Maces & Flails
  9281 | D:8      | Found a stormy altar of Qazlal.
  9728 | D:8      | Found a sacrificial altar of Ru.
  9780 | D:8      | Noticed w00t's ghost (novice TrMo)
  9817 | D:8      | Mangled by w00t's ghost

Vault maps used:
D:1:      evilmike_arrival_hilbert_curve, grunt_decor_one_mirror,
          minmay_misc_feat_plants
D:2:      lemuel_crystal_altar, nicolae_ashenzari_panopticon, marbit_many_paths,
          minmay_cupped
D:3:      uniq_natasha, uniq_jessica, uniq_terence, uniq_iyjb,
          uniq_crazy_yiuf_cottage
D:4:      lemuel_doored_altar, chequers_temple_overflow_minitemple,
          minmay_temple_entry_statues, serial_bayou_lagoon_a,
          minmay_stone_trees_small, uniq_sigmund
D:5:      first_bread, grunt_ministairs_9
D:6:      serial_undead, serial_undead_c, serial_undead_f, serial_undead_d,
          serial_undead_d, serial_shops, nicolae_shop_crystal
D:7:      basic_altar, uniq_joseph
D:8:      lemuel_zombie_altar_yredelemnul, nicolae_ru_the_path_less_chosen,
          nicolae_qazlal_style_of_elements, serial_shops, shop,
          hangedman_little_slice_of_home
Temple:   kb_corrupted_temple

Skill      XL: |  1  2  3  4  5  6  7  8  9 10 |
---------------+-------------------------------+-----
Maces & Flails | 3 4 5 6 7 8 10 12 13 | 13.1
Fighting       | |  2.6
Throwing       | |  2.0
Dodging        | |  2.6

Action                   |  1- 3 |  4- 6 |  7- 9 | 10-12 || total
-------------------------+-------+-------+-------+-------++-------
Melee: Flail             |   141 |   138 |    63 |       ||   342
       Giant club        |       |       |   361 |    90 ||   451
Throw: Stone             |       |       |     6 |       ||     6
       Tomahawk          |       |       |       |     4 ||     4
       Javelin           |       |       |       |     3 ||     3
Evoke: Wand              |       |       |    14 |     4 ||    18
  Use: Scroll            |     9 |     5 |    10 |     3 ||    27
       Potion            |     1 |     5 |     1 |     1 ||     8
 Stab: Sleeping          |     1 |     1 |     2 |       ||     4
  Eat: Chunk             |     4 |     5 |    13 |     2 ||    24
       Fruit             |       |       |     5 |       ||     5
Armor: Robe              |    60 |    56 |   171 |    28 ||   315
       Skin              |       |    12 |       |       ||    12
Dodge: Dodged            |    94 |    75 |   190 |    42 ||   401
